 Dungeon Crawl Stone Soup version 0.30-a0-223-gcb0039aa0c (webtiles) character file.

Game seed: 9741120486775849060

278 timneilson the Covered (level 6, -6/38 HPs)
             Began as a Gargoyle Fighter on Oct 9, 2022.
             Mangled by Blork the orc
             ... wielding a +0 battleaxe
              (9 damage)
             ... on level 4 of the Dungeon on Oct 10, 2022.
             The game lasted 00:05:06 (3328 turns).

timneilson the Covered (Gargoyle Fighter)           Turns: 3328, Time: 00:05:06

Health: -6/38      AC: 20    Str: 21    XL:     6   Next: 26%
Magic:  6/6        EV:  9    Int:  9    God:
Gold:   99         SH:  4    Dex:  9    Spells: 5/5 levels left

rFire   . . .      SeeInvis .    a - +0 long sword (protect)
rCold   . . .      Faith    .    c - +0 buckler
rNeg    + . .      Spirit   .    b - +0 scale mail
rPois   ∞          Reflect  .    (no helmet)
rElec   +          Harm     .    m - +1 cloak
rCorr   .          Rampage  .    (no gloves)
Will    .....                    (no boots)
Stlth   ..........               (no amulet)
HPRegen 0.26/turn                (no ring)
MPRegen 0.10/turn                (no ring)

@: under a protective aura
A: sickness immunity, AC +4, negative energy resistance 1, electricity
resistance, torment resistance 1, petrification resistance
a: no special abilities


You were on level 4 of the Dungeon.
You visited 1 branch of the dungeon, and saw 4 of its levels.

You collected 99 gold pieces.

Inventory:

Hand Weapons
 a - a +0 long sword of protection (weapon)
Armour
 b - a +0 scale mail (worn)
 c - a +0 buckler (worn)
 h - a +0 plate armour
 m - a +1 cloak (worn)
Wands
 e - a wand of acid (7)
Scrolls
 n - a scroll of immolation {unknown}
 p - 3 scrolls of teleportation
 r - a scroll of identify
 s - a scroll of enchant armour {unknown}
 u - a scroll of poison {unknown}
Potions
 d - 3 potions of might
 f - 2 potions of lignification {unknown}
 g - 3 potions of flight
 i - 2 potions of brilliance
 j - a potion of magic {unknown}
 k - 2 potions of curing
 l - 2 potions of invisibility
 o - 3 potions of heal wounds {unknown}
 q - 2 potions of berserk rage {unknown}
 t - a potion of resistance {unknown}


   Skills:
 + Level 4.0 Fighting
 * Level 3.1 Long Blades
 * Level 4.7 Armour
 + Level 1.3 Dodging
 * Level 4.6 Shields
 + Level 0.6 Evocations


You had 5 spell levels left.
You didn't know any spells.
Your spell library was empty.

Dungeon Overview and Level Annotations

Branches:
Dungeon (4/15)
 Temple: D:4-7

Altars:

Annotations:
D:4 Blork the orc, Dowan, Duvessa


Innate Abilities, Weirdness & Mutations

You are immune to sickness and miasma.
Your stone body is resilient. (AC +4)
You are immune to poison.
You resist negative energy. (rN+)
You are resistant to electric shocks. (rElec)
You are resistant to unholy torment.
You are immune to petrification.


Message History

Your weapon exudes an aura of protection.
You kill the adder!
t - a fuming orange potion
q - 2 fuming inky potions (gained 1)
u - a scroll labelled OTTACAE TIMI Blork the orc comes into view.
He is wielding a +0 battleaxe.
Blork the orc shouts!
Blork the orc gestures at you while chanting.
The puff of flame misses you.
Blork the orc points at you and mumbles some strange words.
The puff of frost misses you.
There is a stone staircase leading down here.
Unknown command.
Blork the orc casts a spell.
Blork the orc seems to speed up.
Blork the orc drinks a potion.
Blork the orc seems to grow stronger.
You slash Blork the orc!
Your weapon exudes an aura of protection.
Blork the orc is moderately wounded.
Blork the orc hits you with a +0 battleaxe!!
Ouch! That really hurt!
Blork the orc barely misses you.
You barely miss Blork the orc.
Blork the orc is moderately wounded.
Blork the orc screams, "I'll make a cloak from your skin!"
Blork the orc hits you with a +0 battleaxe.
You hit Blork the orc.
Blork the orc is moderately wounded.
Blork the orc hits you with a +0 battleaxe!
* * * LOW HITPOINT WARNING * * *
Blork the orc barely misses you.
You hit Blork the orc but do no damage.
Blork the orc is moderately wounded.
Blork the orc hits you but does no damage.
Blork the orc casts a cantrip, but nothing happens.
You hit Blork the orc.
Blork the orc is heavily wounded.
Blork the orc hits you but does no damage.
Blork the orc hits you with a +0 battleaxe!
You die...

### ... #.## ...# ### #..##.##
... #o.....# ####.##@###..##
............... ...
.......>###..### ## ..
#..#.##........## #. ..
#..####.#....#.. #.
.##..#.........#.### #. #
..#..#.##.#..#.#...# #.##
##..###.#..#.##.#.....e..# #.<#
(...e..............#.<...#.#..#


You could see Blork the orc (fast, strong).

Vanquished Creatures
  A phantom (D:4)
  A scorpion (D:4)
  An orc priest (D:3)
  2 orc wizards (D:3)
  3 adders
  A worm (D:2)
  3 dart slugs
  3 orcs
  2 bats (D:1)
  5 endoplasms
  4 giant cockroaches
  4 hobgoblins (D:1)
  3 quokkas
  2 ball pythons
  2 frilled lizards
  5 goblins
  2 kobolds
  6 rats
50 creatures vanquished.

Notes
Turn   | Place    | Note
-------+----------+-------------------------------------------
     0 | D:1      | timneilson the Gargoyle Fighter began the quest for the
                  | Orb.
     0 | D:1      | Reached XP level 1. HP: 14/14 MP: 1/1
   145 | D:1      | Reached XP level 2. HP: 14/19 MP: 2/2
   675 | D:1      | Reached XP level 3. HP: 20/23 MP: 3/3
   855 | D:1      | Found a faded altar of an unknown god.
  1872 | D:2      | Reached XP level 4. HP: 25/28 MP: 4/4
  2767 | D:3      | Reached skill level 1 in Dodging
  2772 | D:3      | Reached XP level 5. HP: 14/33 MP: 5/5
  2936 | D:4      | Noticed Duvessa
  2936 | D:4      | Noticed Dowan
  3236 | D:4      | Noticed a phantom
  3251 | D:4      | Killed a phantom
  3252 | D:4      | Reached XP level 6. HP: 30/38 MP: 6/6
  3319 | D:4      | Noticed Blork the orc
  3328 | D:4      | Mangled by Blork the orc

Illustrated notes

Levels and vault maps discovered:
D:1:      psy_arrival_heroes, layout_loops_corners,
          nicolae_ecumenical_lake_church, nicolae_concentric_dashed_squares_wild
D:2:      layout_loops_corners
D:3:      layout_loops_ring, minmay_misc_feat_chi
D:4:      nicolae_cairo_tiling_large, layout_basic, uniq_edmund, uniq_duvessa,
          uniq_blork_the_orc

Skill      XL: |  1  2  3  4  5 |
---------------+----------------+-----
Long Blades    | 2 3 |  3.1
Armour         | 4 |  4.7
Shields        | 4 |  4.6
Dodging        | 1 |  1.3
Fighting       | 4 |  4.0
Evocations     | |  0.6

Action                   |  1- 3 |  4- 6 || total
-------------------------+-------+-------++-------
Melee: Long sword        |   128 |    99 ||   227
  Use: Scroll            |     5 |     6 ||    11
Armor: Scale mail        |    79 |    63 ||   142
Dodge: Dodged            |    70 |    38 ||   108
Block: Buckler           |    30 |    13 ||    43

Table legend: (Time is in decaauts)
 A = Elapsed time spent in this place.
 B = Non-inter-level travel time spent in this place.
 C = Inter-level travel time spent in this place.
 D = Time resting spent in this place.
 E = Time spent auto-exploring this place.
 F = Levels seen in this place.
 G = Mean time per level.
                   A        B        C        D        E       F      G
               +--------+--------+--------+--------+--------+-----+--------+
         Total |   3402 |   3204 |    198 |      0 |   2480 |   4 |  850.5 |
       Dungeon |   3402 |   3204 |    198 |      0 |   2480 |   4 |  850.5 |
               +--------+--------+--------+--------+--------+-----+--------+

Top non-repeatable levels by time:
     D:1: 1126 daAuts
     D:2: 991 daAuts
     D:3: 934 daAuts
     D:4: 350 daAuts
